 Dungeon Crawl Stone Soup version 0.22.1-2-g9c5b331383 (webtiles) character file.

120 McIrco the Sneak (level 4, -1/30 HPs)
             Began as a Vampire Enchanter on Jan 5, 2019.
             Slain by an orc
             ... wielding a +0 hand axe
              (7 damage)
             ... on level 3 of the Dungeon.
             The game lasted 00:03:02 (1948 turns).

McIrco the Sneak (Vampire Enchanter)                Turns: 1948, Time: 00:03:03

Health: -1/30      AC:  5    Str:  8    XL:     4   Next: 75%
Magic:  7/7        EV: 14    Int: 17    God:
Gold:   40         SH:  0    Dex: 14    Spells: 6/7 levels left

rFire    . . .     SeeInvis +   a - +1 dagger
rCold    + . .     Gourm    .   (no shield)
rNeg     + + .     Faith    .   b - +0 robe
rPois    +         Spirit   .   l - +1 helmet
rElec    .         Reflect  .   (no cloak)
rCorr    .         Harm     .   g - +0 pair of gloves
MR       .....                  (no boots)
Stlth    ++++......             h - amulet of regeneration
HPRegen  0.25/turn              (no ring)
MPRegen  0.10/turn              (no ring)

@: regenerating slowly
A: fangs 3, see invisible, unbreathing
a: Bat Form


You were on level 3 of the Dungeon.
You were near bloodless.

You visited 1 branch of the dungeon, and saw 3 of its levels.

You collected 40 gold pieces.

Inventory:

Hand Weapons
 a - a +1 dagger (weapon)
Armour
 b - a +0 robe (worn)
 g - a +0 pair of gloves (worn)
 l - a +1 helmet (worn)
 n - a +0 plate armour
Jewellery
 h - an amulet of regeneration (around neck)
 p - an uncursed ring of ice {unknown}
Scrolls
 e - 2 scrolls of teleportation {unknown}
 k - a scroll of fog {unknown}
 m - a scroll of remove curse {unknown}
 o - a scroll of identify {unknown}
 q - a scroll of immolation {unknown}
 r - a scroll of fear {unknown}
Potions
 c - a potion of curing {unknown}
 d - 6 potions of blood
 f - a potion of might {unknown}
 i - a potion of degeneration {unknown}
 j - a potion of heal wounds {unknown}


   Skills:
 + Level 2.0 Short Blades
 * Level 1.6 Armour
 * Level 3.6 Dodging
 + Level 5.7 Stealth
 - Level 2.0 Spellcasting
 - Level 4.4 Hexes


You had 6 spell levels left.
You knew the following spells:

 Your Spells              Type           Power        Failure   Level  Hunger
a - Corona                Hex            ###....      3%          1    #......

Your spell library contained the following spells:

 Spells                   Type           Power        Failure   Level  Hunger
 Confuse                  Hex            ###.....     10%         3    ###....
 Tukima's Dance           Hex            ###.....     10%         3    ###....
 Ensorcelled Hibernation  Hex/Ice        #.....       12%         2    ###....
 Dazzling Spray           Conj/Hex       #.....       24%         3    ###....


Dungeon Overview and Level Annotations

Branches:
Dungeon (3/15)

Altars:
Elyvilon
Xom

Annotations:
D:2 Natasha


Innate Abilities, Weirdness & Mutations

You heal slowly.
You have razor-sharp teeth.
You have supernaturally acute eyesight. (SInv)
You can survive without breathing.


Message History

You are too injured to fight recklessly!
The orc closely misses you. The orc barely misses you.
The orc barely misses you. The orc hits you but does no damage.
The orc hits you from afar with a trident.
You are too injured to fight recklessly!
You are too injured to fight recklessly!
You are too injured to fight recklessly!
You are too injured to fight recklessly!
You are too injured to fight recklessly!
You closely miss the orc. You bite the orc, but do no damage.
The orc closely misses you.
A jackal comes into view.
The jackal barks!
You hit the orc but do no damage.
The orc hits you from afar with a trident.
* * * LOW HITPOINT WARNING * * *
The orc hits you with a hand axe!
You die...

#### ...# ##..
###...###############.
........ooo@..........
#......o####.###### .#
###.....# #......# .#
#.....#
#.##...######..
##h#### #.#....'...).#
#..# #.#....###...#
#######o### #.#....#
#...# #....†(..(#
#.#....# #...#
...........#
#.#.#+####...#


You could see 4 orcs and a jackal.

Vanquished Creatures
  Jessica (D:2)
  Natasha (D:2)
  4 adders (D:2)
  6 bats
  A giant cockroach (D:2)
  5 goblins
  4 hobgoblins
  3 jackals (D:1)
  5 kobolds
  2 frilled lizards (D:2)
  3 rats
35 creatures vanquished.

Notes
Turn   | Place    | Note
-------+----------+-------------------------------------------
     0 | D:1      | McIrco the Vampire Enchanter began the quest for the Orb.
     0 | D:1      | Reached XP level 1. HP: 13/13 MP: 3/3
   179 | D:1      | Reached skill level 1 in Armour
   184 | D:1      | Reached XP level 2. HP: 19/19 MP: 5/5
  1105 | D:2      | Reached skill level 5 in Stealth
  1109 | D:2      | Reached XP level 3. HP: 19/24 MP: 6/6
  1188 | D:2      | Noticed Jessica
  1195 | D:2      | Killed Jessica
  1253 | D:2      | Reached XP level 4. HP: 30/30 MP: 7/7
  1266 | D:2      | Found a white marble altar of Elyvilon.
  1468 | D:2      | Noticed Natasha
  1490 | D:2      | Killed Natasha
  1689 | D:2      | Noticed Natasha
  1735 | D:2      | Found a shimmering altar of Xom.
  1948 | D:3      | Slain by an orc

Skill      XL: |  1  2  3  4 |
---------------+-------------+-----
Armour         | 1 |  1.6
Stealth        | 5 |  5.7
Dodging        | 3 |  3.6
Short Blades   | 2 |  2.0
Spellcasting   | |  2.0
Hexes          | |  4.4

Action                   |  1- 3 |  4- 6 || total
-------------------------+-------+-------++-------
Melee: Dagger            |   104 |    45 ||   149
       Bite              |     9 |     1 ||    10
 Stab: Sleeping          |     7 |     7 ||    14
Armor: Robe              |    19 |    12 ||    31
Dodge: Dodged            |    61 |    34 ||    95
